 Dungeon Crawl Stone Soup version 0.31-a0-232-gb1c03b2570 (webtiles) character file.

Game seed: 9902283524771066528

112 qw the Shooter (level 4, 0/27 HPs)
             Began as a Gargoyle Hexslinger on July 6, 2023.
             Slain by Terence
             ... wielding a +0 flail
              (9 damage)
             ... on level 3 of the Dungeon.
             The game lasted 00:00:51 (1726 turns).

qw the Shooter (Gargoyle Hexslinger)                Turns: 1726, Time: 00:00:52

Health: 0/27       AC:  6    Str: 11    XL:     4   Next: 93%
Magic:  5/5        EV: 11    Int: 14    God:
Gold:   130        SH:  0    Dex: 14    Spells: 4/5 levels left

rFire   . . .        Y - +1 sling
rCold   . . .        (no shield)
rNeg    + . .        d - +0 leather armour
rPois   inf          (no helmet)
rElec   +            (no cloak)
rCorr   .            (no gloves)
SInv    .            (no boots)
Will    .....        (no amulet)
Stlth   +            (no ring)
HPRegen 0.24/turn    (no ring)
MPRegen 0.09/turn

%: no passive effects
@: no status effects
A: sickness immunity, AC +3, negative energy resistance 1, electricity
resistance, torment resistance 1, petrification resistance
a: no special abilities


You were on level 3 of the Dungeon.
You visited 1 branch of the dungeon, and saw 3 of its levels.

You collected 130 gold pieces.


Innate Abilities, Weirdness & Mutations

You are immune to sickness and miasma.
Your stone body is resilient. (AC +3)
You are immune to poison.
You resist negative energy. (rN+)
You are resistant to electric shocks. (rElec)
You are resistant to unholy torment.
You are immune to petrification.


   Skills:
 - Level 2.3 Fighting
 + Level 4.5 Ranged Weapons
 - Level 1.5 Dodging
 - Level 1.0 Spellcasting
 - Level 2.6 Hexes


You had 4 spell levels left.
You knew the following spells:

 Your Spells              Type           Power      Damage    Failure   Level
a - Slow                  Hex            32%        N/A       12%         1

Your spell library contained the following spells:

 Spells                   Type           Power      Damage    Failure   Level
 Inner Flame              Hex/Fire       4%         N/A       52%         3
 Portal Projectile        Hex/Tloc       8%         N/A       52%         3
 Cause Fear               Hex            4%         N/A       75%         4

Inventory:

Hand Weapons
 Y - a +1 sling (weapon)
Armour
 c - a +0 ring mail
 d - a +0 leather armour (worn)
Scrolls
 i - a scroll of identify
 j - a scroll of enchant armour {unknown}
Potions
 a - a potion of mutation {unknown}
 b - a potion of cancellation {unknown}
 e - 2 potions of heal wounds
 f - 2 potions of berserk rage {unknown}
 g - a potion of magic {unknown}
 h - a potion of brilliance {unknown}

Dungeon Overview and Level Annotations

Branches:
Dungeon (3/15)

Altars:
Fedhas

Shops:
D:2 :

Annotations:
D:3 Terence


Message History

Terence shouts!
Terence is lightly wounded.
You shoot a sling bullet. The sling bullet barely misses Terence.
You shoot a sling bullet. The sling bullet hits Terence.
Terence is moderately wounded.
You shoot a sling bullet. The sling bullet hits Terence.
Terence is moderately wounded.
You shoot a sling bullet.
The sling bullet hits Terence but does no damage.
Terence is moderately wounded.
You shoot a sling bullet. The sling bullet barely misses Terence.
Terence barely misses you.
You shoot a sling bullet. The sling bullet hits Terence!
Terence is severely wounded.
Terence barely misses you.
You shoot a sling bullet.
The sling bullet completely misses Terence.
Terence barely misses you. Terence hits you with a +0 flail.
You shoot a sling bullet. The sling bullet barely misses Terence.
Terence drinks a potion.
Terence is healed!
You shoot a sling bullet.
The sling bullet hits Terence but does no damage.
Terence is lightly wounded.
Terence hits you with a +0 flail.
You shoot a sling bullet. The sling bullet hits Terence.
Terence is lightly wounded.
Terence hits you with a +0 flail.
You shoot a sling bullet. The sling bullet barely misses Terence.
Terence hits you with a +0 flail. Terence hits you with a +0 flail!
You shoot a sling bullet.
The sling bullet hits Terence but does no damage.
Terence is lightly wounded.
Terence says, "Rest in peace."
Terence hits you but does no damage.
You shoot a sling bullet. The sling bullet hits Terence.
Terence is heavily wounded.
Terence closely misses you.
You shoot a sling bullet. The sling bullet barely misses Terence.
Terence hits you with a +0 flail!
You die...

##.## ###.........# #.##
...# ###.......# #...
<### ....... #### ##
##.#### .# # . ## ###
... #..
.....#################.#
......@@..)....%.......#
########################


You could see Terence.

Vanquished Creatures
  4 adders
  3 worms
  2 orcs (D:3)
  7 ball pythons
  7 endoplasms
  2 giant cockroaches
  7 goblins
  4 hobgoblins
  4 jackals (D:3)
  2 quokkas (D:2)
  7 bats
  A frilled lizard (D:3)
  8 kobolds
  5 rats
63 creatures vanquished.

Notes
Turn   | Place    | Note
-------+----------+-------------------------------------------
     0 | D:1      | qw the Gargoyle Hexslinger began the quest for the Orb.
     0 | D:1      | Reached XP level 1. HP: 12/12 MP: 2/2
     0 | D:1      | 0 ||| qw: Version: 0.3-a-46-gb1f654a
     0 | D:1      | 0 ||| qw: Game counter: 1990
     0 | D:1      | 0 ||| qw: Melee chars always use a shield: true
     0 | D:1      | 0 ||| qw: God list: Okawaru
     0 | D:1      | 0 ||| qw: Allow faded altars: false
     0 | D:1      | 0 ||| qw: Do Orc after clearing Dungeon:15 true
     0 | D:1      | 0 ||| qw: Do second Lair branch before Depths: true
     0 | D:1      | 0 ||| qw: Lair rune preference: random
     0 | D:1      | 0 ||| qw: Goals: Normal
     0 | D:1      | 0 ||| PLANNING D:1-11
    86 | D:1      | Reached XP level 2. HP: 16/16 MP: 3/3
   178 | D:1      | Reached skill level 3 in Ranged Weapons
   459 | D:1      | 459 ||| DROPPING ring of flight.
   460 | D:1      | 460 ||| READING scroll labelled DIUNIS NAVAUTO.
   461 | D:1      | 461 ||| READING scroll labelled TOGRAE MYURHE.
   462 | D:1      | 462 ||| READING scroll labelled ETHULU FUJEU.
   563 | D:1      | 563 ||| DROPPING scroll of poison.
   647 | D:2      | Reached XP level 3. HP: 15/22 MP: 4/4
   757 | D:2      | Found a faded altar of an unknown god.
   801 | D:2      | Found Seeptev's Book Shoppe.
  1063 | D:2      | Found a blossoming altar of Fedhas.
  1234 | D:2      | 1234 ||| UPGRADING to +0 leather armour.
  1244 | D:2      | 1244 ||| DROPPING +0 robe.
  1245 | D:2      | 1245 ||| READING scroll labelled IKEAC GEURAE.
  1246 | D:2      | 1246 ||| DRINKING 3 smoky cyan potions.
  1272 | D:3      | 1272 ||| STAIRDANCE
  1280 | D:2      | Reached XP level 4. HP: 24/27 MP: 5/5
  1376 | D:3      | Reached skill level 4 in Ranged Weapons
  1711 | D:3      | Noticed Terence
  1726 | D:3      | Slain by Terence

Levels and vault maps discovered:
D:1:      heliophobic_arrival_ceremonial_halls, layout_rooms, fountainhead
D:2:      layout_basic, serial_shops, shop, hellmonk_ecumenical_altar_zigzags,
          basic_altar, minmay_pentomino_s4
D:3:      layout_rooms, uniq_terence

Skill      XL: |  1  2  3  4 |
---------------+-------------+-----
Ranged Weapons | 3 4 |  4.5
Fighting       | 2 |  2.3
Dodging        | |  1.5
Spellcasting   | |  1.0
Hexes          | |  2.6

Action                     |  1- 3 |  4- 6 || total
---------------------------+-------+-------++-------
   Fire: Sling             |   117 |   111 ||   228
    Use: Scroll            |     4 |       ||     4
         Potion            |     1 |       ||     1
 Armour: Robe              |    12 |       ||    12
         Leather armour    |     4 |    24 ||    28
  Dodge: Dodged            |    38 |    45 ||    83

Table legend:
 A = Non-vault XP
 B = Vault XP
 C = Vault XP percentage of total XP
 D = Non-vault monster count
 E = Vault monster count
 F = Vault count percentage of total count
                 A         B        C        D         E       F
            +---------+---------+-------+---------+---------+-------
      Total |     157 |       3 |   1.9 |      61 |       2 |   3.2
            +---------+---------+-------+---------+---------+-------
        D:1 |      29 |       0 |   0.0 |      19 |       0 |   0.0
        D:2 |      62 |       3 |   4.6 |      22 |       2 |   8.3
        D:3 |      66 |       0 |   0.0 |      20 |       0 |   0.0
            +---------+---------+-------+---------+---------+-------
